 Dungeon Crawl Stone Soup version 0.18.1-8-gdd0e5ea (webtiles) character file.

98 Apostate the Twirler (level 4, 0/33 HPs)
             Began as a Demonspawn Gladiator on June 7, 2016.
             Succumbed to an adder's poison
             ... on level 3 of the Dungeon.
             The game lasted 00:03:07 (1556 turns).

Apostate the Twirler (Demonspawn Gladiator)         Turns: 1556, Time: 00:03:07

Health: 0/33       AC:  9    Str: 16    XL:     4   Next: 43%
Magic:  4/4        EV: 11    Int: 10    God:
Gold:   104        SH:  0    Dex: 13    Spells: 0 memorised, 3 levels left

rFire  . . .     SeeInvis .     a - +0 quarterstaff
rCold  . . .     Gourm    .     e - +2 ring mail {MR+}
rNeg   . . .     Faith    .     (shield currently unavailable)
rPois  .         Spirit   .     (helmet restricted)
rElec  .         Dismiss  .     (no cloak)
rCorr  .         Reflect  .     (no gloves)
SustAt .         Harm     .     (no boots)
MR     +....                    (no amulet)
Stlth  ++........               (no ring)
                                (no ring)

@: lethally poisoned (0 -> -6), very slightly contaminated, hasted, very quick,
somewhat resistant to hostile enchantments, unstealthy
A: antennae 1, thin metallic scales 1, nightstalker 1
a: no special abilities


You were on level 3 of the Dungeon.
You were not hungry.

You visited 1 branch of the dungeon, and saw 3 of its levels.

You collected 104 gold pieces.

Inventory:

Hand Weapons
 a - a +0 quarterstaff (weapon)
Missiles
 b - 15 bolts
 d - 3 throwing nets (quivered)
Armour
 e - a +2 ring mail of magic resistance (worn)
Scrolls
 k - a scroll of identify
Potions
 g - a potion of brilliance
 j - a potion of haste
Comestibles
 c - a slice of pizza
 f - a bread ration
 h - a beef jerky


   Skills:
 - Level 2.0 Fighting
 + Level 4.8 Staves
 - Level 1.7 Throwing
 - Level 2.6 Dodging


You had 3 spell levels left.
You didn't know any spells.

Dungeon Overview and Level Annotations

Branches:
Dungeon (3/15)

Altars:
Sif Muna


Innate Abilities, Weirdness & Mutations

You have a pair of small antennae on your head.
You are partially covered in thin metallic scales (AC +2).
You are slightly more attuned to the shadows.


Message History

The adder is almost dead.
The adder completely misses you.
You hit the adder.
You kill the adder!
* * * LOW HITPOINT WARNING * * *
You feel sick.
Read which item? (? for menu, Esc to quit)
Okay, then.
You see here an adder corpse.
* * * LOW HITPOINT WARNING * * *
You feel sick.
There is a stone staircase leading down here.
You climb downwards.
There is a stone staircase leading up here.
* * * LOW HITPOINT WARNING * * *
You feel sick.
Found a stone staircase leading down.
* * * LOW HITPOINT WARNING * * *
You feel sick.
You die...

.. #.# ...
#.# .... #.#
....##.#####
...........#
...........#
#.###<##..#
#.##..####.#
#.##...@...#
#.##.#######
#.##.#
#.##..
#.####


There were no monsters in sight!

Vanquished Creatures
  6 adders (D:2)
  3 dart slugs (D:2)
  A ball python (D:2)
  5 bats
  4 giant cockroaches
  A goblin (D:1)
  7 hobgoblins
  2 jackals (D:1)
  2 giant newts
  5 kobolds
  3 rats (D:1)
39 creatures vanquished.

Notes
Turn   | Place    | Note
--------------------------------------------------------------
     0 | D:1      | Apostate the Demonspawn Gladiator began the quest for the Orb.
     0 | D:1      | Reached XP level 1. HP: 16/16 MP: 1/1
   189 | D:1      | Reached skill level 3 in Staves
   264 | D:1      | Gained mutation: You have a pair of small antennae on your head. [demonic ancestry]
   264 | D:1      | Reached XP level 2. HP: 21/22 MP: 2/2
   697 | D:2      | Gained mutation: You are partially covered in thin metallic scales (AC +2). [demonic ancestry]
   697 | D:2      | Reached XP level 3. HP: 16/27 MP: 3/3
   879 | D:2      | Found a deep blue altar of Sif Muna.
   979 | D:2      | Reached skill level 4 in Staves
  1443 | D:2      | Gained mutation: You are slightly more attuned to the shadows. [demonic ancestry]
  1443 | D:2      | Reached XP level 4. HP: 29/33 MP: 4/4
  1553 | D:3      | HP: 1/33 [poisoned by an adder]
  1556 | D:3      | Succumbed to an adder's poison

Skill      XL: |  1  2  3 |
---------------+----------+-----
Staves         | 3 4 |  4.8
Fighting       | |  2.0
Throwing       | |  1.7
Dodging        | |  2.6

Action                   |  1- 3 |  4- 6 || total
-------------------------+-------+-------++-------
Melee: Quarterstaff      |   117 |    41 ||   158
  Use: Scroll            |     7 |       ||     7
       Potion            |       |     1 ||     1
  Eat: Chunk             |     2 |       ||     2
Armor: Ring mail         |    56 |    24 ||    80
Dodge: Dodged            |    68 |    30 ||    98
